 Dungeon Crawl Stone Soup version 0.17.0-28-g6e173f8 (webtiles) character file.

44 gorblad the Conjurer (level 3, -1/26 HPs)
             Began as a Draconian Conjurer on Nov 30, 2015.
             Slain by a goblin
             ... wielding a +0 dagger
             ... led by Robin
              (2 damage)
             ... on level 2 of the Dungeon.
             The game lasted 00:04:40 (1643 turns).

gorblad the Conjurer (Draconian Conjurer)           Turns: 1643, Time: 00:04:40

Health: -1/26      AC:  5    Str: 10    XL:     3   Next: 41%
Magic:  7/8        EV: 12    Int: 16    God:
Gold:   92         SH:  0    Dex: 11    Spells: 1 memorised, 8 levels left

rFire  . . .     SeeInvis .     h - +0 dagger
rCold  . . .     Clarity  .     (armour unavailable)
rNeg   . . .     SustAt   .     (no shield)
rPois  .         Gourm    .     (helmet restricted)
rElec  .         Spirit   .     (no cloak)
rCorr  .         Warding  .     (no gloves)
rMut   .         Stasis   .     (no boots)
MR     .....                    (no amulet)
Stlth  ++........               (no ring)
                                (no ring)

@: not resistant to hostile enchantments, unstealthy
A: unfitting armour, cold-blooded, AC +5
a: no special abilities


You were on level 2 of the Dungeon.
You were hungry.

You visited 1 branch of the dungeon, and saw 2 of its levels.

You collected 92 gold pieces.

Inventory:

Hand Weapons
 h - a +0 dagger (weapon)
Scrolls
 c - a scroll of blinking {unknown}
Potions
 d - a potion of flight {unknown}
 g - a potion of magic {unknown}
 j - a potion of heal wounds {unknown}
 m - a potion of cure mutation {unknown}
Books
 a - a book of Conjurations

   Spells                             Type                      Level
   a - Magic Dart                     Conjuration                  1
   b - Searing Ray                    Conjuration                  2
   c - Dazzling Spray                 Conjuration/Hexes            3
   d - Fulminant Prism                Conjuration/Hexes            4
   e - Iskenderun's Mystic Blast      Conjuration                  4
   f - Iskenderun's Battlesphere      Conjuration/Charms           5
Comestibles
 b - 2 bread rations
 f - a meat ration
 k - 3 chunks of flesh
 l - a royal jelly


   Skills:
 - Level 1.7 Dodging
 - Level 1.7 Stealth
 + Level 3.6 Spellcasting
 - Level 4.0 Conjurations


You had 8 spell levels left.
You knew the following spells:

 Your Spells              Type           Power        Failure   Level  Hunger
a - Magic Dart            Conj           ###.         4%          1    None


Dungeon Overview and Level Annotations

Branches:
Dungeon (2/15)

Altars:
Nemelex Xobeh
Trog

Annotations:
D:2 Robin


Innate Abilities, Weirdness & Mutations

Your plain brown scales are hard (AC +5).
Your body does not fit into most forms of armour.
You are cold-blooded and may be slowed by cold attacks.


Message History

The goblin hits you but does no damage. The kobold closely misses you.
The goblin hits you.
* * * LOW HITPOINT WARNING * * *
The goblin barely misses you.
Drink which item? (? for menu, Esc to quit)
It was a potion of curing.
You feel better. The bat barely misses you.
The bat hits you but does no damage. The hobgoblin closely misses you.
The goblin hits you but does no damage. The kobold closely misses you.
The goblin closely misses you.
You hit the goblin.
You kill the goblin!
The bat closely misses you. The bat hits you.
The hobgoblin hits you with a club.
* * * LOW HITPOINT WARNING * * *
The goblin hits you with a dagger.
* * * LOW HITPOINT WARNING * * *
The kobold barely misses you. The hobgoblin hits you with a club.
* * * LOW HITPOINT WARNING * * *
The goblin hits you with a dagger.
You die...

........................
......#.....l...........
......#...........######
#.....#.#.#........# ..
#.........#......... ...
#......†..#......... ...
#......g..# .... ...
#.....Kggl# ... ...
#.....g@gb# ...
#.....g§g.# ##.$....§.#
#........# #........#
########.. ###


You could see Robin, 2 hobgoblins, 4 goblins, a bat, a kobold and a giant newt.

Vanquished Creatures
  An adder (D:2)
  A worm (D:2)
  A ball python (D:1)
  3 bats (D:1)
  5 hobgoblins
  A giant cockroach (D:1)
  2 giant newts
  13 goblins
  4 kobolds
  8 rats
39 creatures vanquished.

Notes
Turn   | Place    | Note
--------------------------------------------------------------
     0 | D:1      | gorblad the Draconian Conjurer began the quest for the Orb.
     0 | D:1      | Reached XP level 1. HP: 14/14 MP: 3/3
   347 | D:1      | Reached XP level 2. HP: 20/20 MP: 0/5
  1288 | D:2      | Reached XP level 3. HP: 26/26 MP: 4/7
  1361 | D:2      | Found a sparkling altar of Nemelex Xobeh.
  1536 | D:2      | Found a bloodstained altar of Trog.
  1603 | D:2      | Noticed Robin
  1643 | D:2      | HP: 1/26 [hobgoblin/club[Robin] (3)]
  1643 | D:2      | Slain by a goblin

Action                   || total
-------------------------++-------
Melee: Unarmed           ||     6
       Dagger            ||     9
 Cast: Magic Dart        ||    66
  Use: Scroll            ||     1
       Potion            ||     1
  Eat: Chunk             ||     2
